 Dungeon Crawl Stone Soup version 0.23-a0-650-ga4d50d4d25 (webtiles) character file.

13064 K1ngMX the Basher (level 12, -4/78 HPs)
             Began as a Gargoyle Fighter on Jan 4, 2019.
             Was a High Priest of Okawaru.
             Killed from afar by Frances (19 damage)
             ... with a shard of ice
             ... on level 14 of the Dungeon.
             The game lasted 00:56:04 (11714 turns).

K1ngMX the Basher (Gargoyle Fighter)               Turns: 11714, Time: 00:56:04

Health: -4/78      AC: 23    Str: 24    XL:     12   Next: 2%
Magic:  10/12      EV: 10    Int: 10    God:    Okawaru [*****.]
Gold:   721        SH: 14    Dex:  9    Spells: 11/11 levels left

rFire    + . .     SeeInvis .   v - +8 mace of Kismet {crush, rF+}
rCold    . . .     Gourm    .   c - +0 shield
rNeg     + . .     Faith    .   n - +0 chain mail
rPois    ∞         Spirit   .   (no helmet)
rElec    +         Reflect  .   (no cloak)
rCorr    .         Harm     .   (no gloves)
MR       .....                  Q - +1 pair of boots {Fly}
Stlth    ..........             (no amulet)
HPRegen  0.23/turn              (no ring)
MPRegen  0.13/turn              (no ring)

@: heroism
A: negative energy resistance 1, electricity resistance, unbreathing,
petrification resistance, rot immunity, AC +8
a: Heroism, Finesse, Renounce Religion, Evoke Flight


You were on level 14 of the Dungeon.
You worshipped Okawaru.
Okawaru was extremely pleased with you.
You were hungry.

You visited 2 branches of the dungeon, and saw 14 of its levels.

You collected 721 gold pieces.

Inventory:

Hand Weapons
 a - a +0 war axe
 e - a +1 mace of protection
 r - the +5 battleaxe "Railo" {chop, rElec rPois Str+4 SInv}
   (You found it on level 7 of the Dungeon)

   It inflicts extra damage upon your enemies.
   It affects your strength (+4).
   It insulates you from electricity.
   It protects you from poison.
   It lets you see invisible.
 v - the +8 mace of Kismet (weapon) {crush, rF+}
   (You took it off an orc on level 4 of the Dungeon)

   It inflicts extra damage upon your enemies.
   It protects you from fire.
 x - a +2 dire flail of draining
 E - a +0 war axe
 F - a +2 whip of electrocution
 O - a +1 great mace of holy wrath
 S - a +4 morningstar of draining
Missiles
 h - 225 stones
 q - 4 silver tomahawks (quivered)
 H - 6 poisoned javelins
 K - 38 poisoned needles
Armour
 b - a +0 scale mail
 c - a +0 shield (worn)
 n - a +0 chain mail (worn)
 Q - a +1 pair of boots of flying (worn)
Magical Staves
 A - an uncursed staff of summoning {unknown}
Jewellery
 g - an uncursed amulet of rage {unknown}
 y - an uncursed ring of stealth {unknown}
Wands
 m - a wand of polymorph (6)
 p - a wand of random effects (8)
 B - a wand of paralysis (12)
 C - a wand of digging (11)
 G - a wand of iceblast (6)
 M - a wand of flame (35)
Scrolls
 i - 8 scrolls of identify
 j - a scroll of immolation
 s - 2 scrolls of teleportation
 t - 5 scrolls of remove curse
 u - 3 scrolls of enchant weapon {unknown}
 I - a scroll of enchant armour {unknown}
 P - a scroll of summoning {unknown}
Potions
 d - 3 potions of might
 k - 5 potions of curing
 l - a potion of berserk rage
 o - 3 potions of lignification {unknown}
 w - 2 potions of cancellation {unknown}
 z - a potion of resistance {unknown}
 D - a potion of haste {unknown}
 J - a potion of mutation {unknown}
 L - 3 potions of degeneration {unknown}
 N - a potion of invisibility {unknown}
 R - a potion of flight {unknown}
Comestibles
 f - 22 rations


   Skills:
 + Level 10.5(15.5) Fighting
 - Level 5.0(13.8) Axes
 * Level 11.9(17.4) Maces & Flails
 + Level 5.5(10.5) Armour
 + Level 10.6(15.6) Shields


You had 11 spell levels left.
You didn't know any spells.
Your spell library contained the following spells:

 Spells                   Type           Power        Failure   Level  Hunger
 Animate Skeleton         Necr           N/A          89%         1    ##.....
 Magic Dart               Conj           #...         89%         1    ##.....
 Pain                     Necr           #...         89%         1    ##.....
 Blink                    Tloc           N/A          96%         2    ###....
 Call Imp                 Summ           #.......     96%         2    ###....
 Slow                     Hex            #.......     96%         2    ###....
 Conjure Flame            Conj/Fire      #.......     99%         3    ####...
 Mephitic Cloud           Conj/Pois/Air  #.......     99%         3    ####...
 Regeneration             Chrm/Necr      #.........   99%         3    ####...
 Vampiric Draining        Necr           #.........   99%         3    ####...
 Animate Dead             Necr           N/A          100%        4    #####..


Dungeon Overview and Level Annotations

Branches:
Dungeon (14/15)            Temple (1/1) D:4            Lair (0/6) D:11
    Orc: D:9-12      Vaults: D:13-14

Altars:
Ashenzari
Cheibriados
Dithmenos
Elyvilon
Fedhas
Gozag
Hepliaklqana
Kikubaaqudgha
Makhleb
Nemelex Xobeh
Okawaru
Qazlal
Ru
Sif Muna
Trog
Uskayaw
Vehumet
Wu Jian
Xom
Yredelemnul
Zin
The Shining One

Shops:
D:4 *   D:9 (   D:11 ?

Annotations:
D:14 Frances


Innate Abilities, Weirdness & Mutations

You are resistant to torment.
Your stone body is resilient. (AC +8)
You are immune to poison.
You resist negative energy. (rN+)
You are resistant to electric shocks. (rElec)
You can survive without breathing.
You are immune to petrification.
You are immune to rotting.


Message History

You resist.
* * * LOW HITPOINT WARNING * * *
The kobold misses you.
You bludgeon Frances!!
Frances is moderately wounded.
You block Frances's attack. The kobold barely misses you.
You block the sun demon's attack. The kobold hits you but does no damage.
You bludgeon Frances!!
Frances is heavily wounded.
Frances mutters in a terrible tongue.
The shard of ice hits you!
* * * LOW HITPOINT WARNING * * *
You block the kobold's attack. The sun demon closely misses you.
You sock Frances!
Frances is severely wounded.
You block Frances's attack. The kobold hits you but does no damage.
You block the sun demon's attack.
Frances whispers indecipherable words.
The shard of ice hits you!
You die...

#..### #.#
########.##
#.. #........#
##. #........#
#. #........#
#. #........#
#.
#........#####
#.
#KK..........#
#.
#@@......###.#
#.3.....>#
#######..#
#..####.#
##...##.#
###.#....#
#...#._..#####
#...#....#...
##..###.....#


You could see Frances, a sun demon and 2 kobolds.

Vanquished Creatures
  2 centaur warriors
  Urug (D:11)
  An unseen horror (D:10)
  Pikel (D:8)
  A cyclops (D:13)
  A manticore (D:13)
  Maurice (D:8)
  A gargoyle (D:14)
  4 trolls
  3 hippogriffs
  A centaur simulacrum (D:14)
  A wyvern (D:10)
  A vampire (D:13)
  4 humans (D:14)
  Grum (D:10)
  Edmund (D:5)
  A porcupine (D:11)
  A water moccasin (D:13)
  5 black bears
  3 orc warriors
  6 sky beasts
  5 ice beasts
  8 ogres
  4 wolves (D:10)
  3 centaurs (D:9)
  A crocodile (D:11)
  A gnoll sergeant (D:3)
  3 big kobolds
  7 bullfrogs
  4 scorpions
  4 wights (D:9)
  6 crimson imps
  7 howler monkeys
  A quasit (D:7)
  A bullfrog zombie (D:5)
  A centaur skeleton (D:5)
  Crazy Yiuf (D:7)
  8 hounds
  4 jellies
  2 bullfrog skeletons
  7 orc wizards
  An iguana (D:8)
  11 worker ants
  A hound zombie (D:5)
  2 worker ant zombies (D:5)
  12 adders
  14 gnolls
  A shadow imp (D:8)
  An ooze (D:3)
  An adder skeleton (D:4)
  3 worms
  2 dart slugs (D:1)
  7 leopard geckos
  36 orcs
  2 giant cockroaches
  8 goblins
  8 hobgoblins
  15 jackals
  13 kobolds
  A quokka (D:7)
  4 ball pythons
  6 bats
  5 frilled lizards
  A leopard gecko zombie (D:7)
  8 rats
282 creatures vanquished.

Vanquished Creatures (others)
  4 slaves (D:8)
  A hound (D:8)
  A jackal (D:8)
  5 fungi (D:11)
11 creatures vanquished.

Grand Total: 293 creatures vanquished

Notes
Turn   | Place    | Note
-------+----------+-------------------------------------------
     0 | D:1      | K1ngMX the Gargoyle Fighter began the quest for the Orb.
     0 | D:1      | Reached XP level 1. HP: 14/14 MP: 1/1
   118 | D:1      | Reached XP level 2. HP: 16/19 MP: 2/2
   420 | D:1      | Reached XP level 3. HP: 21/23 MP: 3/3
  1261 | D:2      | Noticed a moth of wrath
  1264 | D:2      | Found a bloodstained altar of Trog.
  1344 | D:2      | Reached XP level 4. HP: 29/29 MP: 4/4
  1903 | D:3      | Reached skill level 1 in Maces & Flails
  2296 | D:3      | Reached XP level 5. HP: 31/33 MP: 5/5
  2480 | D:3      | Found a stormy altar of Qazlal.
  2746 | D:4      | Found an ancient bone altar of Kikubaaqudgha.
  2747 | D:4      | Found an opulent altar of Gozag.
  2925 | D:3      | Reached XP level 6. HP: 37/39 MP: 6/6
  2939 | D:5      | Entered Level 5 of the Dungeon
  3597 | D:4      | Found a staircase to the Ecumenical Temple.
  3606 | Temple   | Entered the Ecumenical Temple
  3638 | Temple   | Became a worshipper of Warmaster Okawaru
  3863 | D:4      | Found Keniweek's General Store.
  3935 | D:4      | Reached XP level 7. HP: 44/44 MP: 7/7
  3983 | D:4      | Reached skill level 5 in Shields
  4037 | D:4      | Reached skill level 5 in Fighting
  4044 | D:4      | Identified the +8 mace of Kismet {crush, rF+}
  4055 | D:4      | Reached skill level 5 in Axes
  4131 | D:4      | Reached skill level 2 in Maces & Flails
  4423 | D:5      | Reached * piety under Okawaru
  4423 | D:5      | Reached skill level 3 in Maces & Flails
  4544 | D:5      | Noticed Edmund
  4558 | D:5      | Killed Edmund
  4558 | D:5      | Reached XP level 8. HP: 49/51 MP: 8/8
  4757 | D:5      | Reached skill level 4 in Maces & Flails
  5033 | D:6      | Reached ** piety under Okawaru
  5033 | D:6      | Reached skill level 5 in Maces & Flails
  5126 | D:6      | Noticed a troll
  5139 | D:6      | Killed a troll
  5139 | D:6      | Reached XP level 9. HP: 36/56 MP: 6/9
  5444 | D:6      | Reached skill level 6 in Maces & Flails
  6644 | D:7      | Found a snail-covered altar of Cheibriados.
  6644 | D:7      | Found a hazy altar of Hepliaklqana.
  6666 | D:7      | Reached *** piety under Okawaru
  6706 | D:7      | Reached skill level 7 in Maces & Flails
  6725 | D:7      | Found a sparkling altar of Nemelex Xobeh.
  6760 | D:7      | Got a transparent battleaxe
  6772 | D:7      | Identified the +5 battleaxe "Railo" {chop, rElec rPois
                  | Str+4 SInv} (You found it on level 7 of the Dungeon)
  7047 | D:7      | Found a runed door.
  7051 | D:7      | Noticed Crazy Yiuf
  7055 | D:7      | Killed Crazy Yiuf
  7542 | D:8      | Reached skill level 8 in Maces & Flails
  7764 | D:8      | Reached XP level 10. HP: 64/64 MP: 10/10
  8046 | D:8      | Noticed Pikel
  8064 | D:8      | Paralysed by Pikel for 6 turns
  8073 | D:8      | Killed Pikel
  8073 | D:8      | Reached **** piety under Okawaru
  8073 | D:8      | Reached skill level 9 in Maces & Flails
  8188 | D:9      | Noticed a centaur warrior
  8255 | D:8      | Noticed Maurice
  8271 | D:8      | Killed Maurice
  8411 | D:9      | Found Neptodur's Weapon Boutique.
  8431 | D:9      | Noticed a centaur warrior
  8602 | D:8      | Killed a centaur warrior
  8602 | D:8      | Received a gift from Okawaru
  8774 | D:9      | Reached skill level 10 in Maces & Flails
  8778 | D:9      | Reached ***** piety under Okawaru
  9099 | D:9      | Killed a centaur warrior
  9099 | D:9      | Reached XP level 11. HP: 53/71 MP: 9/11
  9472 | D:9      | Found a burning altar of Makhleb.
  9472 | D:9      | Noticed a balrug
 10101 | D:10     | Entered Level 10 of the Dungeon
 10109 | D:10     | Killed an unseen horror
 10157 | D:10     | Reached skill level 11 in Maces & Flails
 10284 | D:10     | Reached skill level 10 in Shields
 10336 | D:10     | Noticed Grum
 10344 | D:10     | Reached skill level 10 in Fighting
 10356 | D:10     | Killed Grum
 10356 | D:10     | Received a gift from Okawaru
 10951 | D:11     | Found a staircase to the Lair.
 10953 | D:11     | Noticed a two-headed ogre
 11012 | D:11     | Noticed Urug
 11026 | D:11     | Killed Urug
 11035 | D:11     | Found Cojaf's Magic Scroll Boutique.
 11041 | D:11     | You fall through a shaft for 3 floors!
 11079 | D:14     | Found a snail-covered altar of Cheibriados.
 11203 | D:14     | Reached skill level 5 in Armour
 11330 | D:13     | Noticed a manticore
 11344 | D:13     | Killed a manticore
 11512 | D:13     | Noticed a cyclops
 11664 | D:13     | Killed a cyclops
 11664 | D:13     | Reached XP level 12. HP: 58/78 MP: 10/12
 11695 | D:13     | Noticed Frances
 11709 | D:14     | Noticed a sun demon
 11714 | D:14     | Killed from afar by Frances

Vault maps used:
D:1:      minmay_arrival_jagged, roderic_lattice_a
D:2:      tgw_trog
D:3:      nicolae_overflow_crystal_walls
D:4:      gammafunk_temple_overflow_statue, minmay_temple_entry_gardened_gates,
          serial_shops, shop
D:5:      first_ration, minmay_diced_spiral, uniq_edmund
D:7:      grunt_temple_overflow_open, chequers_serial_rivers_micro_d,
          uniq_crazy_yiuf_cottage
D:8:      uniq_pikel, uniq_maurice
D:9:      cheibrodos_fzero, makhleb_altar_promises_db, serial_shops, shop,
          blue_anna_alchemist
D:10:     uniq_grum
D:11:     due_lair_maze_entry_diamond, erik_orc_1, serial_shops, shop,
          uniq_nergalle, uniq_urug
D:13:     uniq_frances
D:14:     grunt_vaults_entry_tiered, interstate_on_off, minmay_misc_feat_doors,
          cheibriados_altar_1, uniq_agnes
Temple:   minmay_temple_curvy_branch

Skill      XL: |  1  2  3  4  5  6  7  8  9 10 11 |
---------------+----------------------------------+-----
Axes           | 2 3 4 5 |  5.0
Maces & Flails | 1 3 5 8 10 11 | 11.9
Shields        | 4 5 6 8 9 10 | 10.6
Fighting       | 4 5 6 8 9 10 | 10.5
Armour         | 5 |  5.5

Action                   |  1- 3 |  4- 6 |  7- 9 | 10-12 || total
-------------------------+-------+-------+-------+-------++-------
Melee: Mace              |   126 |   262 |   331 |   365 ||  1084
       War axe           |     2 |       |       |       ||     2
Throw: Stone             |       |       |     9 |       ||     9
       Tomahawk          |       |       |     5 |     4 ||     9
Invok: Heroism           |       |       |     2 |    11 ||    13
 Abil: Stop Flying       |       |       |       |     1 ||     1
  Use: Scroll            |       |       |     7 |       ||     7
  Eat: Chunk             |     2 |     8 |    13 |     9 ||    32
       Ration            |       |       |       |     1 ||     1
Armor: Scale mail        |    43 |    69 |       |       ||   112
       Chain mail        |       |   108 |   149 |   159 ||   416
Dodge: Dodged            |    29 |    82 |    67 |    81 ||   259
Block: Shield            |    62 |   148 |   160 |   205 ||   575

Table legend:
 A = Non-vault XP
 B = Vault XP
 C = Vault XP percentage of total XP
 D = Non-vault monster count
 E = Vault monster count
 F = Vault count percentage of total count
                 A         B        C        D         E       F
            +---------+---------+-------+---------+---------+-------
      Total |   11218 |    7446 |  39.9 |     243 |      40 |  14.1
            +---------+---------+-------+---------+---------+-------
        D:1 |      61 |       0 |   0.0 |      25 |       0 |   0.0
        D:2 |      55 |       7 |  11.3 |      19 |       3 |  13.6
        D:3 |     170 |       0 |   0.0 |      18 |       0 |   0.0
        D:4 |     672 |       0 |   0.0 |      31 |       0 |   0.0
        D:5 |     311 |     466 |  60.0 |      12 |       5 |  29.4
        D:6 |     985 |       0 |   0.0 |      22 |       0 |   0.0
        D:7 |     892 |      40 |   4.3 |      30 |       1 |   3.2
        D:8 |    1603 |    2340 |  59.3 |      29 |       5 |  14.7
        D:9 |    1151 |    1909 |  62.4 |      20 |      12 |  37.5
       D:10 |    2951 |     814 |  21.6 |      26 |       7 |  21.2
       D:11 |      14 |    1080 |  98.7 |       1 |       3 |  75.0
       D:13 |    1599 |       0 |   0.0 |       7 |       0 |   0.0
       D:14 |     754 |     790 |  51.2 |       3 |       4 |  57.1
            +---------+---------+-------+---------+---------+-------
